 Dungeon Crawl Stone Soup version 0.25-a0-571-gb5e01bddfa (webtiles) character file.

Game seed: 18080333821933955704, levelgen mode: deterministic

0 Gargoyl the Skirmisher (level 1, -8/19 HPs)
             Began as a Centaur Abyssal Knight on Feb 29, 2020.
             Was a Follower of Lugonu.
             Killed from afar by a ynoxinul (27 damage)
             ... with an iron shot
             ... on level 2 of the Abyss.
             The game lasted 00:00:46 (147 turns).

Gargoyl the Skirmisher (Centaur Abyssal Knight)      Turns: 147, Time: 00:00:47

Health: -8/19      AC:  4    Str: 14    XL:     1   Next: 0%
Magic:  2/2        EV:  9    Int: 11    God:    Lugonu [*.....]
Gold:   83         SH:  0    Dex:  8    Spells: 0/0 levels left

rFire    . . .     SeeInvis .   a - +1 hand axe
rCold    . . .     Gourm    .   (no shield)
rNeg     . . .     Faith    .   b - +0 leather armour
rPois    .         Spirit   .   (no helmet)
rElec    .         Reflect  .   (no cloak)
rCorr    .         Harm     .   (no gloves)
MR       .....                  (no barding)
Stlth    ..........             (no amulet)
HPRegen  0.06/turn              (no ring)
MPRegen  0.08/turn              (no ring)

@: very quick
A: large, hooves 3, deformed body, speed 2, tough skin 3
a: Depart the Abyss, Renounce Religion


You were on level 2 of the Abyss.
You worshipped Lugonu.
Lugonu was aware of your devotion.
You were not hungry.

You visited 0 branches of the dungeon, and saw 0 of its levels.
You visited the Abyss 1 time.

You collected 83 gold pieces.

Inventory:

Hand Weapons
 a - a +1 hand axe (weapon)
 e - a +2 vorpal quarterstaff
Armour
 b - a +0 leather armour (worn)
Wands
 d - a wand of disintegration (15)
Comestibles
 c - a ration


   Skills:
 + Level 3.0 Fighting
 + Level 1.7 Axes
 + Level 1.3 Armour
 + Level 0.6 Dodging
 + Level 2.0 Invocations


You couldn't memorise any spells.
You didn't know any spells.
Your spell library contained the following spells:

 Spells                   Type           Power        Failure   Level  Hunger
 Passwall                 Tmut/Erth      #.......     54%         2    ###....
 Swiftness                Chrm/Air       #.......     54%         2    ###....
 Passage of Golubria      Tloc           N/A          99%         4    #####..
 Lee's Rapid Deconstruct  Erth           #.........   100%        5    ######.
 Darkness                 Hex            #.........   100%        6    #######
 Invisibility             Hex            #.......     100%        6    #######


Dungeon Overview and Level Annotations

Branches:
Dungeon (0/15)

Altars:


Innate Abilities, Weirdness & Mutations

You have hooves in place of feet.
Armour fits poorly on your strangely shaped body.
You cover ground very quickly.
You have extremely tough skin. (AC +3)


Message History

Found a scroll labeled YFARIV XUDE.
A starcursed mass splits.
A starcursed mass splits.
A starcursed mass splits.
A ynoxinul comes into view.
You see here a scroll labeled YFARIV XUDE.
f - a scroll labeled YFARIV XUDE The ynoxinul bellows!
As you read the scroll labeled YFARIV XUDE, it crumbles to dust.
You feel blessed for a moment.
It was a scroll of remove curse.
A quasit comes into view.
Aiming: Disintegrate
Press: ? - help, Shift-Dir - straight line, f - ynoxinul
Aim: a ynoxinul (chance to defeat MR: 48%)
The ynoxinul is blasted.
You hear a bark!
The ynoxinul gestures at you. The iron shot hits you!!
Ouch! That really hurt!
You die...

# #### #..## #
##@#.# # #...#####
.#. #. #...##.. #.
#.. .## ###3#.###.
#... . .
.#..X#..#3.# ...##.
#.....#..#..#..###
#...##X.#...# .#
####..#X#.#.##.##.#
##. #5#.##.#..#


You could see 3 starcursed masses and a ynoxinul.

Vanquished Creatures (others)
  4 starspawn tentacles (Abyss:2)
4 creatures vanquished.

Notes
Turn   | Place    | Note
-------+----------+-------------------------------------------
     0 | Abyss:1  | Gargoyl the Centaur Abyssal Knight began the quest for the
                  | Orb.
     0 | Abyss:1  | Reached XP level 1. HP: 19/19 MP: 2/2
    58 | Abyss:2  | Noticed a wretched star
    97 | Abyss:2  | Noticed a tentacled starspawn
   106 | Abyss:2  | Noticed a large abomination
   124 | Abyss:2  | Noticed a starcursed mass
   133 | Abyss:2  | Noticed a ynoxinul
   138 | Abyss:2  | Noticed a quasit
   147 | Abyss:2  | Killed from afar by a ynoxinul

Levels and vault maps discovered:
Abyss:2:  gammafunk_corrupted_shrine, gammafunk_corrupted_shrine

Action                   || total
-------------------------++-------
Evoke: Wand              ||     2
  Use: Scroll            ||     2

Table legend:
 A = Non-vault XP
 B = Vault XP
 C = Vault XP percentage of total XP
 D = Non-vault monster count
 E = Vault monster count
 F = Vault count percentage of total count
                 A         B        C        D         E       F
            +---------+---------+-------+---------+---------+-------
      Total |       0 |       0 |   N/A |       0 |       0 |  -nan
            +---------+---------+-------+---------+---------+-------
            +---------+---------+-------+---------+---------+-------
